Unix NetHack Version 3.7.0-97 Work-in-progress - last build Feb 8 2024 15:05:57 (6d6cdf8371b60126770a3d7b88910941cb14a054,branch:master). Game began 2024-03-03 08:06:23, ended 2024-03-03 13:08:49. elenmirie, neutral female gnomish Archeologist -------- |.......## -------- |......| #####.......| |.....<| |......| | |......| ...--- ....| |x.....| |....| | .| -----|-- |..|.| .\| |..|h| ..| |..|@| ...| |---%---...| |.......(..| ------------ Elenmirie the Field Worker St:12 Dx:9 Co:13 In:19 Wi:15 Ch:9 Neutral Dlvl:5 $:0 HP:0(38) Pw:19(19) AC:4 Xp:4/159 T:2370 Latest messages: (Use the #enhance command to advance them.) You lash the gnome lady. The gnome lady hits! You are now more skilled in whip. You lash the gnome lady! The gnome lady hits! You lash the gnome lady. The gnome lady hits! You kill the gnome lady! You swap places with Coco. There is a doorway here. There are several objects here. You see here a rusty arrow. You hear some noises. Coco picks up a bow. Coco picks up a rusty arrow. You hear some noises. Coco drops a rusty arrow. You hear some noises. You hear some noises in the distance. You hear some noises. You hear some noises in the distance. You hear some noises. You hear some noises in the distance. You hear some noises. You hear some noises in the distance. You hear some noises. The bugbear picks up 8 rusty arrows. You stop searching. You kill the bugbear! You hear some noises in the distance. You hear some noises in the distance. You stop searching. You lash the bugbear. The bugbear hits! You lash the bugbear. The bugbear hits! You miss the bugbear. The bugbear hits! You lash the bugbear. You miss the bugbear. The bugbear hits! You miss the bugbear. The bugbear hits! You die... Do you want your possessions identified? [ynq] (y) y Do you want to see your attributes? [ynq] (y) y Do you want an account of creatures vanquished? [ynaq] (y) y Do you want to see your conduct and achievements? [ynq] (y) y Do you want to see the dungeon overview? [ynq] (y) y Inventory: Weapons n - 8 blessed +0 darts x - 5 uncursed +2 shuriken (at the ready) a - an uncursed +2 bullwhip (weapon in right hand) Armor p - an uncursed +0 helmet (being worn) v - an uncursed +0 elven mithril-coat (being worn) Comestibles d - 2 uncursed food rations Scrolls u - an uncursed scroll of scare monster Rings j - a cursed -1 ring of adornment l - an uncursed ring of fire resistance y - a cursed -1 ring of increase damage o - a blessed +5 ring of protection Tools w - an uncursed sack containing 6 items i - an uncursed magic marker (0:20) t - an uncursed tinning kit (0:71) Gems/Stones g - an uncursed touchstone Contents of the sack: 2579 gold pieces a blessed scroll of confuse monster an uncursed scroll of enchant weapon an uncursed potion of gain energy a potion of holy water an uncursed +0 pick-axe Elenmirie the Archeologist's attributes: Background: You were a Field Worker, a level 4 female gnomish Archeologist. You were neutral, on a mission for Camaxtli who was opposed by Quetzalcoatl (lawful) and Huhetotl (chaotic). You were right-handed. You were in the Dungeons of Doom, on level 5. You entered the dungeon 2370 turns ago. You had 159 experience points, 1 more was needed to attain level 5. Basics: You had 0 out of 38 hit points. You had all 19 energy points (spell power). Your armor class was 4. Your wallet was empty, but you had 2579 zorkmids stashed away in your pack. Autopickup was on for '$' plus thrown. Final Characteristics: Your strength was 12 (limit:18/50). Your dexterity was 9 (limit:18). Your constitution was 13 (limit:18). Your intelligence was 19 (limit:19). Your wisdom was 15 (limit:18). Your charisma was 9 (limit:18). Final Status: You weren't hungry. You were unencumbered. You were wielding a whip. You were skilled in whip. Final Attributes: You were piously aligned. You were telepathic. You had automatic searching. You had infravision. You were guarded. You are dead. Miscellaneous: You never encountered a bones level. Total elapsed playing time was 1 hour, 3 minutes and 33 seconds. Major events: Turn 1: elenmirie the neutral female gnomish Archeologist entered the dungeon 936: attained the rank of Field Worker (level 3) 1527: entered the Gnomish Mines 2370: killed by a bugbear Vanquished creatures: 4 bugbears a shrieker 3 gnome leaders a floating eye a kobold leader an iguana an acid blob a coyote a hobbit 4 large kobolds 4 hobgoblins 2 giant rats a yellow mold a red mold a gnome zombie 2 geckos 3 jackals a fox 3 kobolds a goblin 3 sewer rats 3 grid bugs 2 lichens 8 newts 53 creatures vanquished. No species were genocided or became extinct. Voluntary challenges: You read items or engraved 3 times. You never engraved Elbereth. You never genocided any monsters. You never polymorphed an object. You never changed form. You used no wishes. Achievements: You attained the rank of Field Worker. You entered a shop. You entered the Gnomish Mines. The Dungeons of Doom: levels 1 to 5 Level 1: Level 2: A fountain. Level 3: A fountain. Level 4: Stairs down to The Gnomish Mines. Level 5: <- You were here. A throne. Final resting place for you, killed by a bugbear. The Gnomish Mines: Level 5: Game over: ---------- / \ / REST \ / IN \ / PEACE \ / \ | elenmirie | | 2579 Au | | killed by a | | bugbear | | | | | | 2024 | *| * * * | * _________)/\\_//(\/(/\)/\//\/|_)_______ Goodbye elenmirie the Archeologist... You died in The Dungeons of Doom on dungeon level 5 with 3178 points, and 2579 pieces of gold, after 2370 moves. You were level 4 with a maximum of 38 hit points when you died.